[Event "Titled Tuesday Blitz December 20 Early 2022"]
[White "Boudreaux, Floyd"]
[Black "Pitcher, John"]
[WhiteFideId "2016370"]
[BlackFideId "411485"]
[WhiteElo "2088"]
[BlackElo "2210"]
[Result "1-0"]
[Round "08"]
[TimeControl "180+2"]
[Date "2022.12.20"]
[WhiteClock "0:00:46"]
[BlackClock "0:00:02"]

1. e4 c6 2. d3 d5 3. Nf3 dxe4 4. dxe4 Qxd1+ 5. Kxd1 Nf6 6. Nfd2 e5 7. f3 Be6 8. Bc4 Kd7 9. Ke2 Bc5 10. Bxe6+ Kxe6 11. Nb3 Bb6 12. N1d2 Nbd7 13. Nc4 Nc5 14. Be3 Nxb3 15. axb3 Bxe3 16. Kxe3 Rhd8 17. Ra5 Nd7 18. Rha1 a6 19. R5a3 Nf8 20. Na5 Rd7 21. b4 Ke7 22. Rd3 Rad8 23. Rad1 Rxd3+ 24. Rxd3 Rb8 25. g3 f6 26. f4 Ne6 27. c3 exf4+ 28. gxf4 Nd8 29. Nb3 b6 30. Nd4 g6 31. f5 Rc8 32. Nf3 c5 33. bxc5 Rxc5 34. Kf4 g5+ 35. Kg4 Nc6 36. Kh5 Ne5 37. Nxe5 Rxe5 38. Rd4 a5 39. Kh6 Rb5 40. b4 a4 41. Rc4 Kd7 42. Rd4+ Ke7 43. Rd2 Re5 44. Re2 a3 45. Kxh7 a2 46. Rxa2 Rxe4 47. Kg6 Rc4 48. Re2+ Kd7 49. Re3 g4 50. Kxf6 Rf4 51. Kg7 Rf3 52. Re4 Rxf5 53. Rxg4 Rf3 54. h4 Rxc3 55. h5 1-0


[Site "https://www.chess.com"]

[Event "Titled Tuesday Blitz December 20 Early 2022"]
[White "Brunstein, Sandrine"]
[Black "vovachesss"]
[WhiteFideId "625574"]
[WhiteElo "1990"]
[BlackElo "2756"]
[Result "0-1"]
[Round "08"]
[TimeControl "180+2"]
[Date "2022.12.20"]
[WhiteClock "0:00:02"]
[BlackClock "0:00:10"]

1. d4 d5 2. Nf3 Nf6 3. c4 c6 4. Nc3 dxc4 5. e4 b5 6. Be2 Bg4 7. a4 b4 8. e5 bxc3 9. exf6 cxb2 10. fxg7 bxa1=Q 11. gxh8=Q Qa5+ 12. Kf1 Nd7 13. Qxh7 Q5xa4 14. Qxa4 Qxa4 15. h3 Qa1 16. Qc2 Rb8 17. Nd2 Bxe2+ 18. Kxe2 c3 19. Ne4 Qa6+ 20. Qd3 Qa2+ 21. Kf3 Qd5 22. Ke2 Qa2+ 23. Kf3 Rb5 24. g4 Qd5 25. Kg2 Nc5 0-1


[Site "https://www.chess.com"]

[Event "Titled Tuesday Blitz December 20 Early 2022"]
[White "CDOEspiao"]
[Black "Alibaev, Akbar"]
[BlackFideId "14200325"]
[WhiteElo "2486"]
[BlackElo "2295"]
[Result "0-1"]
[Round "08"]
[TimeControl "180+2"]
[Date "2022.12.20"]
[WhiteClock "0:00:03"]
[BlackClock "0:01:00"]

1. Nf3 Nf6 2. g3 g6 3. Bg2 Bg7 4. O-O O-O 5. d3 d6 6. Nbd2 e5 7. e4 a5 8. a4 Nc6 9. Nc4 Be6 10. b3 h6 11. Bd2 Nd7 12. Nh4 Kh7 13. f4 exf4 14. c3 fxg3 15. hxg3 Nde5 16. Qe2 Bg4 17. Qe3 Bh5 18. d4 Ng4 19. Qd3 Qd7 20. Rae1 Rae8 21. Bc1 b6 22. Qd2 Ne7 23. Rf3 d5 24. exd5 Nxd5 25. Ref1 f5 26. Rd3 Rf6 27. Nf3 Rfe6 28. Nfe5 Qd8 29. Nxg4 Bxg4 30. Ne5 Bh5 31. c4 Nb4 32. Kh1 Nxd3 33. Nxd3 Re2 34. Qf4 Qxd4 35. Ne1 Rxe1 0-1


[Site "https://www.chess.com"]

[Event "Titled Tuesday Blitz December 20 Early 2022"]
[White "CaptainCasanova"]
[Black "Rakesh, Kumar Jena"]
[BlackFideId "5084822"]
[WhiteElo "2584"]
[BlackElo "2303"]
[Result "1-0"]
[Round "08"]
[TimeControl "180+2"]
[Date "2022.12.20"]
[WhiteClock "0:00:07"]
[BlackClock "0:00:02"]

1. f4 d5 2. Nf3 g6 3. e3 Bg7 4. d4 Nd7 5. Bd3 Ngf6 6. O-O Ne4 7. c4 c6 8. Nc3 Ndf6 9. Ne5 O-O 10. h3 Bf5 11. Ne2 h5 12. b3 Rc8 13. Bb2 e6 14. Rc1 h4 15. Qe1 Nh5 16. Bxe4 Bxe4 17. Nf3 Bf6 18. Qf2 Bd3 19. Rfd1 Bxe2 20. Qxe2 Ng3 21. Qe1 Ne4 22. Ne5 Kg7 23. Qb4 Qe7 24. Qa4 Rfd8 25. Ba3 Qc7 26. Nf3 a6 27. Bb4 b5 28. Qa3 Qb7 29. Ba5 Rh8 30. Ne5 Ng3 31. Kh2 Nf5 32. Re1 Be7 33. Bb4 Bxb4 34. Qxb4 f6 35. Nf3 Qe7 36. Qa5 Qc7 37. Qa3 Nd6 38. Nd2 Kf7 39. cxb5 axb5 40. Qc5 Nb7 41. Qc2 Qa5 42. e4 Nd6 43. e5 Nf5 44. Nf3 Rhe8 45. exf6 Kxf6 46. Qe2 Kf7 47. Ne5+ Kg7 48. Qg4 Ne7 49. Qxe6 Qd2 50. Qf7+ Kh6 51. Ng4+ Kh5 52. Qh7# 1-0


[Site "https://www.chess.com"]

[Event "Titled Tuesday Blitz December 20 Early 2022"]
[White "Castro Andrade, Seirbert Cristian"]
[Black "Rincon Zapatero, Alejandro"]
[WhiteFideId "3863336"]
[BlackFideId "2288850"]
[WhiteElo "1364"]
[BlackElo "1752"]
[Result "1-0"]
[Round "08"]
[TimeControl "180+2"]
[Date "2022.12.20"]
[WhiteClock "0:00:45"]
[BlackClock "0:00:04"]

1. e4 c5 2. Nf3 g6 3. d4 cxd4 4. Qxd4 Nf6 5. e5 Nc6 6. Qa4 Nd5 7. Qe4 Nb6 8. Nc3 Bg7 9. Bf4 d5 10. exd6 Bf5 11. Qe2 O-O 12. dxe7 Nxe7 13. Qd2 Ned5 14. Nxd5 Nxd5 15. Bg5 Re8+ 16. Be2 Qb6 17. O-O Qxb2 18. Qxd5 Rxe2 19. Rab1 Qxc2 20. Rxb7 Be6 21. Qd6 Bf8 22. Rb8 Rxb8 23. Qxb8 Qc8 24. Qxa7 Rxa2 25. Qe3 Bc5 26. Qf4 Qa8 27. Bf6 Qa7 28. Ng5 Qb6 29. h4 Bd6 30. Qf3 h6 31. Nxe6 fxe6 32. Qe4 Kf7 33. Bd4 Qb4 34. Qf3+ Ke7 35. Qf6+ Kd7 36. Qf7+ Kc6 37. Qxe6 Qxd4 38. Qxa2 Qxh4 39. Qc2+ Kd7 40. g3 Qh3 41. Qxg6 h5 42. Rd1 1-0


[Site "https://www.chess.com"]

[Event "Titled Tuesday Blitz December 20 Early 2022"]
[White "Chesca, Alexandru"]
[Black "Kirillov-Dmitry"]
[WhiteFideId "1214438"]
[WhiteElo "1917"]
[BlackElo "2444"]
[Result "1-0"]
[Round "08"]
[TimeControl "180+2"]
[Date "2022.12.20"]
[WhiteClock "0:00:25"]
[BlackClock "0:00:01"]

1. e4 c6 2. d4 d5 3. exd5 cxd5 4. c4 Nf6 5. Nc3 e6 6. Nf3 Nc6 7. c5 Ne4 8. Bb5 Bd7 9. Bxc6 Bxc6 10. O-O Be7 11. Ne5 O-O 12. Qe2 Nxc3 13. bxc3 Rc8 14. Qg4 Kh8 15. Qh5 Be8 16. Qh3 b6 17. cxb6 Qxb6 18. f4 f6 19. Ng4 Bg6 20. Bd2 Qb2 21. Rad1 Bc2 22. Rde1 Bf5 23. Rf2 Qxa2 24. Qg3 Qa6 25. Ne3 Be4 26. f5 Bd6 27. Qh3 e5 28. dxe5 Bxe5 29. Ng4 Bd6 30. Qh4 Rce8 31. Rc1 Qd3 32. Be3 Bxf5 33. Bd4 Bxg4 34. Qxg4 Be5 35. Bc5 Rg8 36. Rf3 Qa6 37. Rd1 Qc6 38. Bf2 a5 39. Rh3 h6 40. Qg6 Qd7 41. Be3 Bd6 42. Bxh6 Rgf8 43. Bxg7+ 1-0


[Site "https://www.chess.com"]

[Event "Titled Tuesday Blitz December 20 Early 2022"]
[White "ChessFanNM"]
[Black "GoltsevDmitry2000"]
[WhiteElo "2395"]
[BlackElo "2739"]
[Result "0-1"]
[Round "08"]
[TimeControl "180+2"]
[Date "2022.12.20"]
[WhiteClock "0:00:01"]
[BlackClock "0:00:20"]

1. e4 e6 2. d4 d5 3. Nd2 c5 4. c3 Nf6 5. Bd3 Nc6 6. Ngf3 Be7 7. O-O h6 8. Re1 a6 9. exd5 Nxd5 10. dxc5 Bxc5 11. Ne4 Be7 12. Qe2 O-O 13. Ng3 Qc7 14. Nh5 f5 15. a3 Bd7 16. c4 Nf6 17. Nf4 e5 18. Nd5 Nxd5 19. cxd5 e4 20. dxc6 exf3 21. Qxe7 Rae8 22. Qb4 Bxc6 23. Bf4 Qd7 24. Rxe8 Rxe8 25. Bc4+ Kh7 26. Qd2 Qe7 27. gxf3 Bxf3 28. Bd3 Qf6 29. Re1 Rd8 30. Qc2 Rd5 31. h3 h5 32. Kh2 h4 33. Rg1 g6 34. Qc7+ Qg7 35. Qc2 Qd4 36. Qc7+ Rd7 37. Qe5 Qxe5 38. Bxe5 Rxd3 39. Rc1 g5 40. Bf6 Kg6 41. Bc3 g4 42. Re1 Kf7 43. Re3 Rd1 44. Re1 Rd6 45. Re3 f4 0-1


[Site "https://www.chess.com"]

[Event "Titled Tuesday Blitz December 20 Early 2022"]
[White "ChessShop"]
[Black "Szpar, Milosz"]
[BlackFideId "1184989"]
[WhiteElo "2502"]
[BlackElo "2447"]
[Result "0-1"]
[Round "08"]
[TimeControl "180+2"]
[Date "2022.12.20"]
[WhiteClock "0:00:45"]
[BlackClock "0:01:55"]

1. d4 Nf6 2. Nf3 c5 3. d5 e6 4. Nc3 exd5 5. Nxd5 Nxd5 6. Qxd5 d6 7. Bg5 Qb6 8. O-O-O Be6 9. Qd2 Nc6 10. a3 h6 11. Bh4 g5 12. Bg3 Bg7 13. b3 c4 14. b4 c3 15. Qxd6 Qa6 16. b5 Qxb5 0-1


[Site "https://www.chess.com"]

[Event "Titled Tuesday Blitz December 20 Early 2022"]
[White "ChessicallyInclined"]
[Black "ErikRonka"]
[WhiteElo "2693"]
[BlackElo "2520"]
[Result "1-0"]
[Round "08"]
[TimeControl "180+2"]
[Date "2022.12.20"]
[WhiteClock "0:00:37"]
[BlackClock "0:00:09"]

1. a3 d5 2. Nf3 Nf6 3. e3 Bg4 4. h3 Bh5 5. b4 Nbd7 6. Bb2 Bxf3 7. Qxf3 e5 8. c4 c6 9. cxd5 cxd5 10. Nc3 e4 11. Qd1 Bd6 12. Qb3 d4 13. Nb5 Be5 14. Bxd4 O-O 15. Qb2 Qe7 16. Be2 a6 17. Bxe5 Nxe5 18. Nd4 Nd5 19. O-O Kh8 20. Rac1 f5 21. f4 exf3 22. Nxf3 Ng6 23. Bc4 Nf6 24. Nd4 f4 25. Ne6 Rfc8 26. Nxf4 Ne5 27. Be2 Rd8 28. d4 Nc6 29. Rf3 g5 30. Nd3 Nd5 31. Ne5 Nxe5 32. dxe5 g4 33. hxg4 Qg5 34. e6+ Kg8 35. Bc4 Re8 36. Qd4 Rad8 37. Rf5 Qxe3+ 38. Qxe3 Nxe3 39. e7+ Nxc4 40. exd8=Q 1-0


[Site "https://www.chess.com"]

[Event "Titled Tuesday Blitz December 20 Early 2022"]
[White "Coda, Carlos"]
[Black "Forgacs, Gyula"]
[WhiteFideId "110329"]
[BlackFideId "701203"]
[WhiteElo "1971"]
[BlackElo "2305"]
[Result "1-0"]
[Round "08"]
[TimeControl "180+2"]
[Date "2022.12.20"]
[WhiteClock "0:00:33"]
[BlackClock "0:00:16"]

1. d4 Nf6 2. Bg5 d5 3. Nd2 c5 4. e3 cxd4 5. exd4 Nc6 6. Ngf3 Bf5 7. c3 e6 8. Be2 Be7 9. O-O O-O 10. Re1 h6 11. Bh4 Ne4 12. Bxe7 Qxe7 13. Nf1 Qf6 14. Bd3 a6 15. Ng3 Nxg3 16. hxg3 b5 17. Ne5 Nxe5 18. Rxe5 Qg6 19. Bxf5 exf5 20. Rxd5 Rfe8 21. Qf3 Re4 22. Re5 Re8 23. Rxe8+ Rxe8 24. Kf1 Qe6 25. b3 g6 26. Rd1 Qd6 27. Qf4 Qxf4 28. gxf4 Rc8 29. Rd3 Kf8 30. Ke2 Ke7 31. Kd2 Kd6 32. Re3 Rg8 33. c4 bxc4 34. bxc4 f6 35. Ra3 Ra8 36. Ra5 Kc6 37. Kc3 Kb6 38. Rd5 Kc6 39. a4 Re8 40. Ra5 Kb6 41. Rc5 Re2 42. a5+ Kb7 43. d5 Re1 44. d6 Rd1 45. Rc7+ Kb8 46. c5 g5 47. fxg5 fxg5 48. Rf7 f4 49. Kc4 h5 50. Rf5 Kb7 51. Rf7+ Kc6 52. Rc7# 1-0


[Site "https://www.chess.com"]

[Event "Titled Tuesday Blitz December 20 Early 2022"]
[White "CristobalBlanco"]
[Black "Rostolis, Riccardo"]
[BlackFideId "819948"]
[WhiteElo "2476"]
[BlackElo "1968"]
[Result "0-1"]
[Round "08"]
[TimeControl "180+2"]
[Date "2022.12.20"]
[WhiteClock "0:00:07"]
[BlackClock "0:00:21"]

1. e4 c5 2. Nf3 d6 3. d4 cxd4 4. Nxd4 Nf6 5. Nc3 g6 6. Be2 Bg7 7. Nb3 Nc6 8. g4 O-O 9. g5 Nd7 10. h4 a5 11. a4 Nb4 12. h5 b6 13. hxg6 hxg6 14. Bd3 Ne5 15. f4 Nexd3+ 16. cxd3 Ba6 17. Rh3 Qd7 18. f5 d5 19. Qg4 dxe4 20. Nb5 Bxb5 21. axb5 Nc2+ 22. Kd1 Nxa1 23. Qh4 Rfd8 24. Qh7+ Kf8 25. fxg6 Qg4+ 26. Ke1 Nxb3 0-1


[Site "https://www.chess.com"]

[Event "Titled Tuesday Blitz December 20 Early 2022"]
[White "Crone, Stephan"]
[Black "politeplayer"]
[WhiteFideId "4670175"]
[WhiteElo "1860"]
[BlackElo "2244"]
[Result "1-0"]
[Round "08"]
[TimeControl "180+2"]
[Date "2022.12.20"]
[WhiteClock "0:00:08"]
[BlackClock "0:00:02"]

1. e4 e6 2. d4 d5 3. e5 c5 4. c3 a6 5. Nf3 Bd7 6. Be3 Qa5 7. dxc5 Ba4 8. b3 Bb5 9. b4 Qa4 10. Qxa4 Bxa4 11. c4 Nc6 12. a3 Nge7 13. Nc3 Bb3 14. cxd5 Nxd5 15. Nxd5 Bxd5 16. Be2 Be7 17. O-O O-O-O 18. Bf4 Bxf3 19. Bxf3 Nd4 20. Bd1 g5 21. Be3 Nf5 22. Be2 f6 23. c6 Nxe3 24. fxe3 fxe5 25. Rf7 Rhe8 26. cxb7+ Kxb7 27. Bf3+ Kb6 28. Rc1 Rd6 29. Rxh7 g4 30. Be4 a5 31. bxa5+ Kxa5 32. Kf2 Rf8+ 33. Kg3 Rd7 34. Rc6 Rfd8 35. Rxe6 Bxa3 36. Rxd7 Rxd7 37. Kxg4 Bb2 38. h4 Rd2 39. h5 Re2 40. h6 Rxe3 41. h7 Rxe4+ 42. Kg5 Re2 43. h8=Q Rxg2+ 44. Kf5 Rf2+ 45. Ke4 Re2+ 46. Kd3 e4+ 47. Kxe2 Bxh8 48. Rxe4 Bc3 49. Kd3 Bf6 50. Kc4 Bg7 51. Re7 Bf6 52. Re6 Bg7 53. Re8 1-0


[Site "https://www.chess.com"]

[Event "Titled Tuesday Blitz December 20 Early 2022"]
[White "Cuajada_Zero"]
[Black "JaloliddinIlkhomi"]
[WhiteElo "2413"]
[BlackElo "2533"]
[Result "0-1"]
[Round "08"]
[TimeControl "180+2"]
[Date "2022.12.20"]
[WhiteClock "0:01:54"]
[BlackClock "0:02:10"]

1. d4 Nf6 2. Nf3 e6 3. e3 b6 4. Bd3 Bb7 5. O-O d5 6. Nbd2 Nbd7 7. b3 Bd6 8. Bb2 Ne4 9. Ne5 O-O 10. Nxd7 Qxd7 11. Nxe4 dxe4 12. Bc4 Kh8 13. Qh5 f5 14. Rad1 Bd5 15. Be2 Rf6 16. c4 Rh6 17. cxd5 exd5 18. g3 Rxh5 19. Bxh5 g5 20. Be2 f4 21. exf4 gxf4 0-1


[Site "https://www.chess.com"]

[Event "Titled Tuesday Blitz December 20 Early 2022"]
[White "DIMONBANAN"]
[Black "AldokhinIvan"]
[WhiteElo "2416"]
[BlackElo "2572"]
[Result "0-1"]
[Round "08"]
[TimeControl "180+2"]
[Date "2022.12.20"]
[WhiteClock "0:00:01"]
[BlackClock "0:00:16"]

1. e4 c5 2. Nf3 g6 3. c4 Nc6 4. d4 cxd4 5. Nxd4 Nf6 6. Nc3 Nxd4 7. Qxd4 d6 8. Be2 Bg7 9. Be3 O-O 10. f3 Ng4 11. Qd2 Nxe3 12. Qxe3 Qa5 13. O-O Be6 14. Rfc1 Rfc8 15. b3 b5 16. Nxb5 Bxa1 17. Rxa1 a6 18. Nd4 Qc5 19. Kf1 a5 20. Qd2 a4 21. b4 Qe5 22. Rc1 Qxh2 23. Nxe6 fxe6 24. a3 Qe5 25. Kf2 Kg7 26. g3 h5 27. Kg2 Rh8 28. f4 Qf6 29. Bd3 h4 30. g4 h3+ 31. Kh2 g5 32. Rf1 Raf8 33. fxg5 Qe5+ 34. Kh1 Rxf1+ 35. Bxf1 Qxe4+ 36. Kh2 Qe5+ 37. Kh1 Rf8 38. Bxh3 Qg3 39. Bg2 Qxa3 40. Qd4+ e5 41. Qe4 Qc1+ 42. Kh2 Qf4+ 43. Qxf4 Rxf4 44. Be4 0-1


[Site "https://www.chess.com"]

[Event "Titled Tuesday Blitz December 20 Early 2022"]
[White "Dadic, Ivan"]
[Black "tortorchess"]
[WhiteFideId "14531364"]
[WhiteElo "2080"]
[BlackElo "1836"]
[Result "1/2-1/2"]
[Round "08"]
[TimeControl "180+2"]
[Date "2022.12.20"]
[WhiteClock "0:00:33"]
[BlackClock "0:00:36"]

1. e4 c5 2. Nc3 Nc6 3. Bb5 e6 4. Bxc6 bxc6 5. f4 d5 6. Nf3 Be7 7. Qe2 Nf6 8. O-O O-O 9. d3 d4 10. Na4 Ba6 11. b3 Bb5 12. Nb2 a5 13. a4 Ba6 14. Bd2 Rb8 15. Ne5 Qc7 16. Nbc4 Bxc4 17. Nxc4 Ra8 18. f5 exf5 19. Rxf5 Rfe8 20. Raf1 Bd6 21. g3 Re6 22. Qg2 Qd8 23. Bf4 Bxf4 24. R1xf4 Qe8 25. Rxc5 Qd8 26. Rcf5 Ra7 27. Qd2 Ne8 28. Rxa5 Rb7 29. Raf5 g6 30. Re5 Rxe5 31. Nxe5 Qd6 32. Nc4 Qe7 33. e5 Ng7 34. Nd6 Rd7 35. Rxf7 Qe6 36. Rxd7 Qxd7 37. Qb4 h5 38. a5 Qg4 39. Qe1 Ne6 40. a6 Ng5 41. a7 Nh3+ 42. Kg2 Nf4+ 43. Kg1 Nh3+ 44. Kg2 Nf4+ 45. Kg1 Nh3+ 1/2-1/2


[Site "https://www.chess.com"]

[Event "Titled Tuesday Blitz December 20 Early 2022"]
[White "De Firmian, Nick"]
[Black "Jenkins, Drake"]
[WhiteFideId "2000105"]
[BlackFideId "2022397"]
[WhiteElo "2460"]
[BlackElo "2130"]
[Result "1-0"]
[Round "08"]
[TimeControl "180+2"]
[Date "2022.12.20"]
[WhiteClock "0:00:22"]
[BlackClock "0:00:01"]

1. Nf3 Nf6 2. g3 c5 3. Bg2 Nc6 4. d4 cxd4 5. Nxd4 g6 6. O-O Bg7 7. c4 O-O 8. Nc2 d6 9. Nc3 Bd7 10. b3 a6 11. Bb2 Rb8 12. a4 Qb6 13. Ne3 Rfe8 14. Ncd5 Nxd5 15. Nxd5 Qa5 16. Bxg7 Kxg7 17. Qc2 Be6 18. Qb2+ f6 19. b4 Qd8 20. b5 Bxd5 21. Bxd5 Ne5 22. Rfc1 e6 23. Bg2 Re7 24. b6 Rc8 25. Qb4 a5 26. Qxa5 Nxc4 27. Qb5 Qxb6 28. Rab1 Qxb5 29. Rxb5 d5 30. e3 Rec7 31. Re1 Kf7 32. Bf1 Nd6 33. Rb6 Ke7 34. h4 Rc1 35. Rxc1 Rxc1 36. Kg2 Kd7 37. Rb4 Kc7 38. h5 gxh5 39. Rh4 Ra1 40. Rxh5 Rxa4 41. Rxh7+ Kc6 42. Re7 e5 43. Re6 b5 44. Bxb5+ Kxb5 45. Rxd6 Kc5 46. Rxf6 d4 47. exd4+ exd4 48. Rf4 Ra3 49. g4 d3 50. Rf3 d2 51. Rxa3 d1=Q 52. Rf3 Qd5 53. Kg3 Kd6 54. Rf4 Ke6 55. f3 1-0


[Site "https://www.chess.com"]

[Event "Titled Tuesday Blitz December 20 Early 2022"]
[White "Derybas, Igor"]
[Black "Canche Cab, Marco Alexei"]
[WhiteFideId "41846400"]
[BlackFideId "5116139"]
[WhiteElo "1490"]
[BlackElo "2004"]
[Result "1-0"]
[Round "08"]
[TimeControl "180+2"]
[Date "2022.12.20"]
[WhiteClock "0:00:20"]
[BlackClock "0:00:04"]

1. d4 e6 2. c4 d5 3. Nc3 a6 4. g3 dxc4 5. Bg2 Nf6 6. Nf3 b5 7. Ne5 c6 8. a4 Bb7 9. axb5 axb5 10. Rxa8 Bxa8 11. O-O Be7 12. Nxb5 cxb5 13. Bxa8 O-O 14. Bg2 Bd6 15. b3 c3 16. Qc2 Qc7 17. Nd3 Na6 18. e4 Nb4 19. Nxb4 Bxb4 20. Bf4 Qa5 21. d5 exd5 22. exd5 Rd8 23. Rd1 Bd6 24. Be3 b4 25. h3 Bc5 26. Bg5 Qb6 27. Qf5 h6 28. Bc1 Qa6 29. Bf1 Qa2 30. Bc4 Rd6 31. Qc8+ Kh7 32. Qxc5 Ne4 33. Bd3 f5 34. Bxe4 fxe4 35. Qxd6 Qxb3 36. Rf1 Qc4 37. Qe5 b3 38. d6 b2 39. Bxb2 cxb2 40. Qxb2 Qd5 41. Qe2 Qxd6 42. Qxe4+ 1-0


[Site "https://www.chess.com"]

[Event "Titled Tuesday Blitz December 20 Early 2022"]
[White "Dreux, Vincent"]
[Black "santosalberto1987"]
[WhiteFideId "658960"]
[WhiteElo "1937"]
[BlackElo "2495"]
[Result "0-1"]
[Round "08"]
[TimeControl "180+2"]
[Date "2022.12.20"]
[WhiteClock "0:00:02"]
[BlackClock "0:00:12"]

1. e4 c5 2. Nf3 Nc6 3. Bb5 g6 4. O-O Bg7 5. c3 Nf6 6. Re1 O-O 7. d4 cxd4 8. cxd4 d5 9. e5 Ne4 10. Bxc6 bxc6 11. h3 c5 12. dxc5 Nxc5 13. Be3 Ne4 14. Nbd2 Nxd2 15. Qxd2 e6 16. Rac1 Bd7 17. Bc5 Re8 18. Nd4 Qh4 19. Bd6 Bh6 20. Qb4 Bxc1 21. Rxc1 Rec8 22. Rc3 a5 23. Qb6 Qf4 24. g3 Qe4 25. Rc7 Rxc7 26. Bxc7 Rc8 27. h4 Be8 28. Nb3 Qc4 29. Bd6 Bb5 30. Bc5 Qf1+ 31. Kh2 Be2 32. Nd2 Qd1 33. Be3 Qc2 0-1


[Site "https://www.chess.com"]

[Event "Titled Tuesday Blitz December 20 Early 2022"]
[White "Ducrest, Pierre"]
[Black "Xiong, Jeffery"]
[WhiteFideId "1303627"]
[BlackFideId "2047640"]
[WhiteElo "2004"]
[BlackElo "2692"]
[Result "0-1"]
[Round "08"]
[TimeControl "180+2"]
[Date "2022.12.20"]
[WhiteClock "0:00:06"]
[BlackClock "0:00:18"]

1. d4 Nf6 2. c4 e6 3. Nc3 Bb4 4. Qc2 d6 5. a3 Bxc3+ 6. Qxc3 O-O 7. f3 b6 8. e4 c5 9. Be3 Ba6 10. Ne2 Nc6 11. d5 exd5 12. cxd5 Ne5 13. Ng3 Bxf1 14. Rxf1 b5 15. Kf2 a5 16. Kg1 b4 17. Qc2 Nfd7 18. Nf5 Qf6 19. h3 g6 20. Nh6+ Kg7 21. f4 Nc4 22. Qxc4 Kxh6 23. e5 Qf5 24. g4 Nb6 25. Qe2 Qc8 26. Rad1 Kg7 27. Kg2 Re8 28. Qf3 Qd7 29. f5 Rxe5 30. fxg6 fxg6 31. Qf6+ Kg8 32. Bh6 Qe7 33. Qxe7 Rxe7 34. Rf6 Rf7 35. Rxd6 Nc4 36. Rc6 Nxb2 37. Re1 Nd3 38. Re3 Nf4+ 39. Kg3 Nxd5 40. Re5 Nc3 41. Rcxc5 Rb7 42. Rxa5 Rxa5 43. Rxa5 b3 44. Ra8+ Kf7 45. Rh8 Ke6 46. Re8+ Kd5 47. Rd8+ Kc4 48. Rc8+ Kd3 49. Rd8+ Kc2 50. Rd2+ Kb1 51. Bf4 b2 52. Be5 Ne4+ 0-1


[Site "https://www.chess.com"]

[Event "Titled Tuesday Blitz December 20 Early 2022"]
[White "Edam, Michael"]
[Black "Karttunen, Mika"]
[WhiteFideId "24613231"]
[BlackFideId "502081"]
[WhiteElo "2023"]
[BlackElo "2490"]
[Result "0-1"]
[Round "08"]
[TimeControl "180+2"]
[Date "2022.12.20"]
[WhiteClock "0:01:29"]
[BlackClock "0:01:08"]

1. e4 e5 2. Nf3 Nc6 3. Bb5 Nf6 4. O-O Nxe4 5. d4 Nd6 6. dxe5 Nxb5 7. a4 Nbd4 8. Nxd4 Nxd4 9. Qxd4 d5 10. exd6 Qxd6 11. Qe4+ Qe6 12. Qd4 Qd6 13. Qe4+ Be7 14. Bf4 Qb6 15. Nc3 Be6 16. Nd5 Bxd5 17. Qxd5 O-O 18. a5 Qxb2 19. Rab1 Qxc2 20. Rxb7 c6 21. Qd7 Bc5 22. Rc7 Rad8 23. Qxc6 Qxf2+ 24. Rxf2 Rd1# 0-1


[Site "https://www.chess.com"]

[Event "Titled Tuesday Blitz December 20 Early 2022"]
[White "Ekat, Michael"]
[Black "Kotofeyca"]
[WhiteFideId "4689801"]
[WhiteElo "2051"]
[BlackElo "2372"]
[Result "1-0"]
[Round "08"]
[TimeControl "180+2"]
[Date "2022.12.20"]
[WhiteClock "0:00:09"]
[BlackClock "0:00:01"]

1. d4 d5 2. Nf3 c6 3. c4 Nf6 4. Nc3 dxc4 5. a4 Bg4 6. e3 e5 7. Bxc4 Bxf3 8. Qxf3 exd4 9. exd4 Qxd4 10. Qe2+ Be7 11. O-O Nbd7 12. Rd1 Qe5 13. Qd2 O-O 14. b3 Bb4 15. Bb2 Nb6 16. Qc2 Nxc4 17. bxc4 Qa5 18. Ne2 Qg5 19. Rd3 Qf5 20. Nd4 Qe4 21. Qb3 a5 22. Re3 Qf4 23. Ne2 Qh4 24. Rh3 Qg4 25. Nd4 Rfe8 26. Rg3 Qe4 27. h3 Rad8 28. Re3 Qf4 29. Rf3 Qh4 30. Nf5 Qe4 31. Nxg7 Nd7 32. Nxe8 Rxe8 33. Qd3 Qe6 34. Rg3+ Kf8 35. Qe3 Qg6 36. Qd4 Qh5 37. Qxd7 Re2 38. Bg7+ 1-0


[Site "https://www.chess.com"]

[Event "Titled Tuesday Blitz December 20 Early 2022"]
[White "Eloisa Navez, Angel"]
[Black "DefiantChair"]
[WhiteFideId "5117305"]
[WhiteElo "1942"]
[BlackElo "2631"]
[Result "0-1"]
[Round "08"]
[TimeControl "180+2"]
[Date "2022.12.20"]
[WhiteClock "0:00:01"]
[BlackClock "0:00:17"]

1. e4 e5 2. Bc4 Nf6 3. d3 c6 4. Nf3 Be7 5. O-O d6 6. Re1 O-O 7. c3 Nbd7 8. Bb3 Re8 9. Nbd2 h6 10. Nf1 Bf8 11. Ng3 d5 12. Bc2 g6 13. d4 Nxe4 14. Nxe4 dxe4 15. Nxe5 Nxe5 16. dxe5 Qxd1 17. Rxd1 Bg4 18. Re1 Bf5 19. Bf4 g5 20. Bg3 Rad8 21. Re2 Bc5 22. Rae1 h5 23. h4 Bg4 24. Rxe4 Rd2 25. Bb3 gxh4 26. Bxh4 Rxb2 27. Kf1 Be6 28. R4e2 Rxe2 29. Rxe2 Bg4 30. f3 Bf5 31. Rd2 Rxe5 32. Bg3 Re7 33. Bf2 Bxf2 34. Kxf2 Be6 35. Bxe6 fxe6 36. Rd4 Kg7 37. Rh4 Kg6 38. Rd4 Kf5 39. Rd8 c5 40. Rf8+ Kg6 41. Rg8+ Rg7 42. Re8 Kf6 43. Rh8 Rd7 44. Rxh5 Rd2+ 45. Ke3 Rxg2 46. Rh7 Rb2 47. a4 Ke5 48. a5 Kd5 49. Kd3 c4+ 50. Ke3 Rb3 51. Kd2 Kc6 52. Rh6 Kd6 53. Rh4 Kd5 54. Rh5+ Kd6 55. Rh7 Ra3 56. Rxb7 Rxa5 57. Rb4 Rc5 0-1


[Site "https://www.chess.com"]

[Event "Titled Tuesday Blitz December 20 Early 2022"]
[White "Etoilegeniale"]
[Black "Andrii_Prydun"]
[WhiteElo "2593"]
[BlackElo "2387"]
[Result "1-0"]
[Round "08"]
[TimeControl "180+2"]
[Date "2022.12.20"]
[WhiteClock "0:00:57"]
[BlackClock "0:01:06"]

1. c4 Nf6 2. Nc3 c5 3. g3 Nc6 4. Bg2 e5 5. d3 d6 6. Nf3 Be7 7. O-O O-O 8. Rb1 Be6 9. Bg5 Nd7 10. Bxe7 Nxe7 11. Nd2 Rb8 12. a3 b6 13. b4 a6 14. Qa4 Ra8 15. Bxa8 Qxa8 16. e4 f5 17. f3 f4 18. Nd5 b5 19. Nxe7+ Kf7 20. cxb5 Kxe7 21. bxa6 Qa7 22. Rf2 fxg3 23. hxg3 g5 24. b5 g4 25. b6 Nxb6 26. Qc6 Rb8 27. Nc4 Nxc4 28. Rb7+ Rxb7 29. Qxb7+ Qxb7 30. axb7 1-0


[Site "https://www.chess.com"]

[Event "Titled Tuesday Blitz December 20 Early 2022"]
[White "Ezat, Mohamed"]
[Black "Nyambe, Maketo"]
[WhiteFideId "10600906"]
[BlackFideId "8700915"]
[WhiteElo "2402"]
[BlackElo "2091"]
[Result "1-0"]
[Round "08"]
[TimeControl "180+2"]
[Date "2022.12.20"]
[WhiteClock "0:01:10"]
[BlackClock "0:00:01"]

1. d4 d5 2. c4 e6 3. Nc3 Nf6 4. cxd5 exd5 5. Bg5 Be7 6. e3 c6 7. Qc2 Bg4 8. Bd3 Bh5 9. Nge2 Bg6 10. Nf4 Bxd3 11. Nxd3 Nbd7 12. O-O O-O 13. b4 a6 14. Na4 h6 15. Bf4 Nh5 16. Be5 Nxe5 17. dxe5 g6 18. e6 f5 19. Nac5 Qc7 20. Nd7 Rfe8 21. g4 Ng7 22. gxf5 Nxf5 23. Nf4 Kh7 24. Kh1 Bg5 25. Nxg6 Kxg6 26. f4 Rxe6 27. Nc5 1-0


[Site "https://www.chess.com"]

[Event "Titled Tuesday Blitz December 20 Early 2022"]
[White "Felix-Rose"]
[Black "Steegersee"]
[WhiteElo "2299"]
[BlackElo "2425"]
[Result "0-1"]
[Round "08"]
[TimeControl "180+2"]
[Date "2022.12.20"]
[WhiteClock "0:00:01"]
[BlackClock "0:00:16"]

1. e4 c6 2. d4 g6 3. Nc3 Bg7 4. h3 d6 5. Nf3 Nf6 6. a4 Nbd7 7. Be3 e5 8. dxe5 dxe5 9. Qd6 Bf8 10. Qd2 Bb4 11. Bd3 O-O 12. O-O Qe7 13. a5 Nc5 14. Bg5 Ne6 15. Bxf6 Qxf6 16. Nd5 cxd5 17. Qxb4 d4 18. Qd6 Re8 19. Qxe5 Qxe5 20. Nxe5 Nf4 21. Nf3 Be6 22. Nxd4 Rad8 23. Nxe6 Rxe6 24. Ra3 Red6 25. Rb3 R8d7 26. Bb5 Rc7 27. Rc1 Rd2 0-1


[Site "https://www.chess.com"]